MLB
SAN FRANCISCO GIANTS @ SAN DIEGO PADRES
04/13/2018
 
TOP OF THE 1ST
San Francisco Giants batting - Pitching for San Diego Padres : RHP Joe Musgrove
Pitching: RHP Joe Musgrove
Batting: RHB Dustin Pedroia 0-0: Foul Ball, location: 2F
0-1: Ground out 6-3 (Groundball, 6)
Batting: LHB Anthony Rizzo 0-0: Called Strike
0-1: Ball
1-1: Ground out 4-3 (Groundball, 4S)
Batting: LHB Kyle Seager 0-0: Ground out 1-3 (Groundball, 34S)
Top of the 1st over - 0 runs, 0 hits, 0 errors, 0 left on base; San Francisco 0 - San Diego 0
BOTTOM OF THE 1ST
San Diego Padres batting - Pitching for San Francisco Giants : RHP Michael Wacha
Pitching: RHP Michael Wacha
Batting: RHB Jose Altuve 0-0: Called Strike
0-1: Bunt for hit - play at first, batter safe!
Batting: RHB Byron Buxton 0-0: Called Strike
0-1: Ball
1-1: Ball
2-1: Ball
3-1: Swinging Strike
3-2: Grounds into double play, 6-4-3 (Groundball, 6)
Batting: SHB Carlos Santana 0-0: Fly out, F8 (Flyball, 8RS)
Bottom of the 1st over - 0 runs, 1 hit, 0 errors, 0 left on base; San Francisco 0 - San Diego 0
TOP OF THE 2ND
San Francisco Giants batting - Pitching for San Diego Padres : RHP Joe Musgrove
Batting: RHB Nelson Cruz 0-0: Fly out, F8 (Flyball, 8RD)
Batting: LHB Kyle Schwarber 0-0: SINGLE (Line Drive, 8RS)
Batting: LHB Corey Dickerson 0-0: Swinging Strike
0-1: Fly out, F8 (Line Drive, 8RM)
Batting: RHB Tim Anderson 0-0: Ball
1-0: SINGLE (Groundball, 6MD)
Kyle Schwarber to second
Runner from 2nd tries for 3rd, SAFE, throw made to third
Batting: LHB Tyler Naquin 0-0: Called Strike
0-1: SINGLE (Groundball, 4D)
Kyle Schwarber scores
Tim Anderson to second
Runner from 2nd tries for 3rd, SAFE, throw made to third
Batting: RHB Michael Wacha 0-0: Swinging Strike
0-1: Called Strike
0-2: Foul Ball, location: 2F
0-2: Strikes out swinging
Top of the 2nd over - 1 run, 3 hits, 0 errors, 2 left on base; San Francisco 1 - San Diego 0
BOTTOM OF THE 2ND
San Diego Padres batting - Pitching for San Francisco Giants : RHP Michael Wacha
Batting: LHB Mike Moustakas 0-0: Ground out U3 (Groundball, 3)
Batting: LHB David Peralta 0-0: Ball
1-0: Ball
2-0: Called Strike
2-1: Fly out, F5 (Popup, 5S)
Batting: RHB Russell Martin 0-0: Ball
1-0: SOLO HOME RUN (Flyball, 7D), Distance : 376 ft
Batting: RHB Jhonny Peralta 0-0: Ball
1-0: Fly out, F9 (Flyball, 9D)
Bottom of the 2nd over - 1 run, 1 hit, 0 errors, 0 left on base; San Francisco 1 - San Diego 1
TOP OF THE 3RD
San Francisco Giants batting - Pitching for San Diego Padres : RHP Joe Musgrove
Batting: RHB Dustin Pedroia 0-0: Called Strike
0-1: Ball
1-1: Fly out, F9 (Flyball, 9LS)
Batting: LHB Anthony Rizzo 0-0: Fly out, F8 (Flyball, 8RD)
Batting: LHB Kyle Seager 0-0: Ball
1-0: SINGLE (Groundball, 3D)
Batting: RHB Nelson Cruz 0-0: Ball
1-0: Swinging Strike
1-1: Called Strike
1-2: Ball
2-2: Foul Ball, location: 2F
2-2: Ball
3-2: Strikes out swinging
Top of the 3rd over - 0 runs, 1 hit, 0 errors, 1 left on base; San Francisco 1 - San Diego 1
BOTTOM OF THE 3RD
San Diego Padres batting - Pitching for San Francisco Giants : RHP Michael Wacha
Batting: RHB Juan Lagares 0-0: Ball
1-0: Ball
2-0: Called Strike
2-1: Foul Ball, location: 2F
2-2: DOUBLE (Line Drive, 78M)
Batting: RHB Joe Musgrove 0-0: Reached on error, E1 (Groundball, P)
Juan Lagares scores
Batting: RHB Jose Altuve 0-0: SINGLE (Groundball, 56D)
Joe Musgrove to third
Runner from 3rd tries for Home, SAFE, throw made home
Batting: RHB Byron Buxton 0-0: Called Strike
0-1: Swinging Strike
0-2: Grounds into double play, 5-4-3 (Groundball, 56)
Batting: SHB Carlos Santana 0-0: Ball
1-0: Ball
2-0: Ball
3-0: Called Strike
3-1: SINGLE (Flyball, 89M)
Batting: LHB Mike Moustakas 0-0: Called Strike
0-1: Fly out, F7 (Flyball, 7LMF)
Bottom of the 3rd over - 2 runs, 3 hits, 1 error, 1 left on base; San Francisco 1 - San Diego 3
TOP OF THE 4TH
San Francisco Giants batting - Pitching for San Diego Padres : RHP Joe Musgrove
Batting: LHB Kyle Schwarber 0-0: Ball
1-0: Called Strike
1-1: Called Strike
1-2: Strikes out swinging
Batting: LHB Corey Dickerson 0-0: Ball
1-0: Ball
2-0: Ball
3-0: Fly out, F9 (Flyball, 9LD)
Batting: RHB Tim Anderson 0-0: SINGLE (Groundball, 56D)
Batting: LHB Tyler Naquin 0-0: Ball
Tim Anderson is caught stealing 2nd base
Top of the 4th over - 0 runs, 1 hit, 0 errors, 0 left on base; San Francisco 1 - San Diego 3
BOTTOM OF THE 4TH
San Diego Padres batting - Pitching for San Francisco Giants : RHP Michael Wacha
Batting: LHB David Peralta 0-0: Ground out 4-3 (Groundball, 4)
Batting: RHB Russell Martin 0-0: Ball
1-0: Foul Ball, location: 2F
1-1: Fly out, F5 (Popup, 5)
Batting: RHB Jhonny Peralta 0-0: Ball
1-0: Called Strike
1-1: Swinging Strike
1-2: Foul Ball, location: 2F
1-2: Ball
2-2: Ground out 5-3 (Groundball, 56)
Bottom of the 4th over - 0 runs, 0 hits, 0 errors, 0 left on base; San Francisco 1 - San Diego 3
TOP OF THE 5TH
San Francisco Giants batting - Pitching for San Diego Padres : RHP Joe Musgrove
Batting: LHB Tyler Naquin 0-0: Ball
1-0: Called Strike
1-1: Fly out, F7 (Flyball, 7)
Batting: RHB Michael Wacha 0-0: Swinging Strike
0-1: Called Strike
0-2: Strikes out looking
Batting: RHB Dustin Pedroia 0-0: Called Strike
0-1: SINGLE (Line Drive, 78S)
Batting: LHB Anthony Rizzo 0-0: Fielders Choice at 2nd, U6 (Groundball, 4M)
Top of the 5th over - 0 runs, 1 hit, 0 errors, 1 left on base; San Francisco 1 - San Diego 3
BOTTOM OF THE 5TH
San Diego Padres batting - Pitching for San Francisco Giants : RHP Michael Wacha
Batting: RHB Juan Lagares 0-0: Called Strike
0-1: Ball
1-1: Foul Ball, location: 2F
1-2: Foul Ball, location: 2F
1-2: Ball
2-2: Foul Ball, location: 2F
2-2: Fly out, F3 (Line Drive, 3)
Batting: RHB Joe Musgrove 0-0: Called Strike
0-1: Swinging Strike
0-2: Strikes out swinging
Batting: RHB Jose Altuve 0-0: Ball
1-0: SOLO HOME RUN (Flyball, 7D), Distance : 391 ft
Batting: RHB Byron Buxton 0-0: Swinging Strike
0-1: Ball
1-1: Ball
2-1: Reached on error, E5 (Groundball, 56S)
Batting: SHB Carlos Santana 0-0: Ball
1-0: Ball
2-0: Called Strike
2-1: Fly out, F8 (Flyball, 8RM)
Bottom of the 5th over - 1 run, 1 hit, 1 error, 1 left on base; San Francisco 1 - San Diego 4
TOP OF THE 6TH
San Francisco Giants batting - Pitching for San Diego Padres : RHP Joe Musgrove
Batting: LHB Kyle Seager 0-0: Swinging Strike
0-1: Called Strike
0-2: Ball
1-2: SINGLE (Line Drive, 89S)
Batting: RHB Nelson Cruz 0-0: Called Strike
0-1: Swinging Strike
0-2: Ball
1-2: Foul Ball, location: 2F
1-2: Ball
2-2: Fly out, F7 (Line Drive, 7)
Batting: LHB Kyle Schwarber 0-0: Called Strike
0-1: Grounds into double play, 4-5-3 (Groundball, 4)
Top of the 6th over - 0 runs, 1 hit, 0 errors, 0 left on base; San Francisco 1 - San Diego 4
BOTTOM OF THE 6TH
San Diego Padres batting - Pitching for San Francisco Giants : RHP Michael Wacha
Batting: LHB Mike Moustakas 0-0: Called Strike
0-1: Swinging Strike
0-2: Ball
1-2: Foul Ball, location: 2F
1-2: Strikes out looking
Batting: LHB David Peralta 0-0: Ball
1-0: Ball
2-0: Ball
3-0: Base on Balls
Batting: RHB Russell Martin 0-0: Ball
1-0: Ball
2-0: Ball
3-0: Called Strike
3-1: Swinging Strike
3-2: Strikes out swinging
Batting: RHB Jhonny Peralta 0-0: Ball
1-0: Foul Ball, location: 2F
1-1: Ball
2-1: Called Strike
2-2: SINGLE (Line Drive, 89S)
David Peralta to second
Batting: RHB Juan Lagares 0-0: Fly out, F5 (Line Drive, 5)
Bottom of the 6th over - 0 runs, 1 hit, 0 errors, 2 left on base; San Francisco 1 - San Diego 4
TOP OF THE 7TH
San Francisco Giants batting - Pitching for San Diego Padres : RHP Joe Musgrove
Batting: LHB Corey Dickerson 0-0: SINGLE (Groundball, 3) (infield hit)
Batting: RHB Tim Anderson 0-0: Called Strike
0-1: Called Strike
0-2: Foul Ball, location: 2F
0-2: Strikes out swinging
Batting: LHB Tyler Naquin 0-0: Ball
1-0: Ball
2-0: Foul Ball, location: 2F
2-1: SINGLE (Line Drive, 7S)
Corey Dickerson to second
Pinch Hitting: LHB Jon Jay 0-0: Ball
1-0: Called Strike
1-1: Ball
2-1: Fielders Choice at 2nd, 1-4 (Groundball, 15S)
Corey Dickerson to third
Batting: RHB Dustin Pedroia 0-0: Called Strike
0-1: Ball
1-1: Ball
2-1: Foul Ball, location: 2F
2-2: Foul Ball, location: 2F
2-2: Fielders Choice at 2nd, 6-4 (Groundball, 6)
Top of the 7th over - 0 runs, 2 hits, 0 errors, 2 left on base; San Francisco 1 - San Diego 4
BOTTOM OF THE 7TH
San Diego Padres batting - Pitching for San Francisco Giants : RHP Michael Wacha
Pitching: RHP Luke Gregerson
Pinch Hitting: RHB Chris Carter 0-0: Ball
1-0: Ball
2-0: Swinging Strike
2-1: Swinging Strike
2-2: Ball
3-2: Strikes out swinging
Batting: RHB Jose Altuve 0-0: Called Strike
0-1: Ball
1-1: Ball
2-1: Ground out 5-3 (Groundball, 56)
Batting: RHB Byron Buxton 0-0: Called Strike
0-1: Fly out, F8 (Line Drive, 8LD)
Bottom of the 7th over - 0 runs, 0 hits, 0 errors, 0 left on base; San Francisco 1 - San Diego 4
TOP OF THE 8TH
San Francisco Giants batting - Pitching for San Diego Padres : RHP Joe Musgrove
Pitching: LHP Scott Alexander
Batting: LHB Anthony Rizzo 0-0: SOLO HOME RUN (Flyball, 8RXD), Distance : 421 ft
Batting: LHB Kyle Seager 0-0: Ball
1-0: Ball
2-0: Foul Ball, location: 2F
2-1: Foul Ball, location: 2F
2-2: Strikes out swinging
Batting: RHB Nelson Cruz 0-0: Ball
1-0: Called Strike
1-1: Ball
2-1: Ball
3-1: Base on Balls
Batting: LHB Kyle Schwarber 0-0: Called Strike
0-1: Foul Ball, location: 2F
0-2: Ball
1-2: Foul Ball, location: 2F
1-2: Strikes out looking
Batting: LHB Corey Dickerson 0-0: Foul Ball, location: 2F
0-1: Ball
1-1: Ball
2-1: Ball
3-1: Fly out, F8 (Flyball, 8LS)
Top of the 8th over - 1 run, 1 hit, 0 errors, 1 left on base; San Francisco 2 - San Diego 4
BOTTOM OF THE 8TH
San Diego Padres batting - Pitching for San Francisco Giants : RHP Luke Gregerson
Pitching: LHP Brad Hand
Batting: SHB Carlos Santana 0-0: Ball
1-0: Ball
2-0: Called Strike
2-1: Ball
3-1: Foul Ball, location: 2F
3-2: Ground out 4-3 (Groundball, 6MS)
Batting: LHB Mike Moustakas 0-0: Foul Ball, location: 2F
0-1: Foul Ball, location: 2F
0-2: Strikes out looking
Batting: LHB David Peralta 0-0: Foul Ball, location: 2F
0-1: Swinging Strike
0-2: Strikes out swinging
Bottom of the 8th over - 0 runs, 0 hits, 0 errors, 0 left on base; San Francisco 2 - San Diego 4
TOP OF THE 9TH
San Francisco Giants batting - Pitching for San Diego Padres : LHP Scott Alexander
Pitching: RHP Archie Bradley
Now in LF: Jose Pirela
Batting: RHB Tim Anderson 0-0: Swinging Strike
0-1: Ball
1-1: Ground out 5-3 (Groundball, 56)
Batting: LHB Tyler Naquin 0-0: Called Strike
0-1: Swinging Strike
0-2: Ball
1-2: Ball
2-2: Strikes out swinging
Pinch Hitting: RHB Austin Jackson 0-0: Called Strike
0-1: Fly out, F9 (Line Drive, 9D)
Top of the 9th over - 0 runs, 0 hits, 0 errors, 0 left on base; San Francisco 2 - San Diego 4
Monday, June 4th, 2018 - OOTP Baseball 19.6 Build 53